 Dungeon Crawl Stone Soup version 0.28-a0-706-gf6f64a616a (webtiles) character file.

Game seed: 16638529753527163568

103 KoroneIsBestGirl the Covered (level 4, 0/38 HPs)
             Began as a Barachi Fighter on Oct 24, 2021.
             Was a Follower of Qazlal.
             Slain by a river rat (8 damage)
             ... on level 4 of the Dungeon.
             The game lasted 00:01:16 (714 turns).

KoroneIsBestGirl the Covered (Barachi Fighter)       Turns: 714, Time: 00:01:17

Health: 0/38       AC:  7    Str: 18    XL:     4   Next: 79%
Magic:  4/4        EV:  9    Int:  9    God:    Qazlal [*.....]
Gold:   24         SH:  6    Dex: 11    Spells: 3/3 levels left

rFire   . . .      SeeInvis .   a - +0 long sword
rCold   . . .      Faith    .   c - +0 buckler
rNeg    . . .      Spirit   .   b - +0 scale mail
rPois   .          Reflect  .   (no helmet)
rElec   .          Harm     .   (no cloak)
rCorr   .          Rampage  .   (no gloves)
Will    .....                   (no boots)
Stlth   ..........              i - amulet of magic regeneration
HPRegen 0.12/turn               (no ring)
MPRegen 0.34/turn               (no ring)

@: slow
A: amphibious, slowness 1, strong legs 1, +LOS
a: Hop, Renounce Religion


You were on level 4 of the Dungeon.
You worshipped Qazlal.
Qazlal was aware of your devotion.
You visited 1 branch of the dungeon, and saw 3 of its levels.

You collected 24 gold pieces.

Inventory:

Hand Weapons
 a - a +0 long sword (weapon)
Armour
 b - a +0 scale mail (worn)
 c - a +0 buckler (worn)
Jewellery
 i - an amulet of magic regeneration (around neck)
Scrolls
 f - 2 scrolls of torment {unknown}
 g - a scroll of teleportation {unknown}
Potions
 d - a potion of might
 e - a potion of curing {unknown}
 h - a potion of heal wounds {unknown}


   Skills:
 + Level 4.4 Fighting
 + Level 3.5 Long Blades
 + Level 4.5 Armour
 + Level 4.1 Shields


You had 3 spell levels left.
You didn't know any spells.
Your spell library contained the following spells:

 Spells                   Type           Power      Damage    Failure   Level
 Ozocubu's Armour         Ice            0%         N/A       98%         3
 Stone Arrow              Conj/Erth      0%         3d7       98%         3
 Animate Armour           Summ/Erth      0%         N/A       100%        4
 Ozocubu's Refrigeration  Ice            0%         4d5       100%        7
 Lehudib's Crystal Spear  Conj/Erth      0%         10d2      100%        8


Dungeon Overview and Level Annotations

Branches:
Dungeon (2/15)

Altars:
Qazlal


Innate Abilities, Weirdness & Mutations

You are amphibious.
You cover ground slowly.
You can hop short distances.
You have an extended range of vision and can be seen from far away.


Message History

You closely miss the bullfrog.
The bullfrog is almost dead.
The bullfrog barely misses you. The kobold hits you but does no damage.
The bullfrog is struck by lightning.
You kill the bullfrog!
Qazlal accepts your kill. The river rat barely misses you.
Your Shields skill increases to level 4!
You have reached level 4!
You feel clever.
You closely miss the river rat. The kobold hits you but does no damage.
The river rat bites you!
You are too injured to fight recklessly!
You are too injured to fight recklessly!
You are too injured to fight recklessly!
You are too injured to fight recklessly!
You are too injured to fight recklessly!
You are too injured to fight recklessly!
You are too injured to fight recklessly!
You are too injured to fight recklessly!
You are too injured to fight recklessly!
You are too injured to fight recklessly!
You are too injured to fight recklessly!
You are too injured to fight recklessly!
You are too injured to fight recklessly!
You are too injured to fight recklessly!
You are too injured to fight recklessly!
You are too injured to fight recklessly!
You are too injured to fight recklessly!
The kobold closely misses you. The kobold hits you with a +0 dagger.
* * * LOW HITPOINT WARNING * * *
You hit the river rat but do no damage. The river rat bites you.
* * * LOW HITPOINT WARNING * * *
The kobold hits you with a +0 dagger.
* * * LOW HITPOINT WARNING * * *
Found a fuming dark potion.
The river rat bites you but does no damage.
You closely miss the river rat. You block the river rat's attack.
You closely miss the river rat. The river rat bites you!
You die...

#.. #... ####..
##..... .....
#.......
#....##........
#...#..........
#............
#..........#
≈##.#..†.#.#.#
.≈≈.....Kr@☼.#
.≈≈..###.###.#
.... #.. .. .≈
#.#. ... .
#.#.. #!.# #.#
.. .# ... .#. #
.## ### .


You could see a river rat and a kobold.

Vanquished Creatures
  A bullfrog (D:4)
  An adder (D:4)
  A dart slug (D:1)
  3 ball pythons (D:1)
  2 endoplasms (D:1)
  2 giant cockroaches (D:1)
  3 hobgoblins
  4 jackals (D:1)
  A quokka (D:1)
  3 bats (D:1)
  2 frilled lizards (D:1)
  A kobold (D:1)
  5 rats (D:1)
29 creatures vanquished.

Vanquished Creatures (others)
  A plant (D:1)
  5 withered plants (D:1)
6 creatures vanquished.

Grand Total: 35 creatures vanquished

Notes
Turn   | Place    | Note
-------+----------+-------------------------------------------
     0 | D:1      | KoroneIsBestGirl the Barachi Fighter began the quest for
                  | the Orb.
     0 | D:1      | Reached XP level 1. HP: 18/18 MP: 1/1
    64 | D:1      | Reached XP level 2. HP: 25/25 MP: 2/2
   261 | D:1      | Reached XP level 3. HP: 29/30 MP: 3/3
   427 | D:1      | Found a faded altar of an unknown god.
   458 | D:1      | Prayed at the altar of an unknown god.
   458 | D:1      | Became a worshipper of Qazlal Stormbringer
   458 | D:1      | Reached * piety under Qazlal
   694 | D:2      | You fall into a shaft and drop 2 floors!
   697 | D:4      | Noticed a bullfrog
   708 | D:4      | Killed a bullfrog
   709 | D:4      | Reached XP level 4. HP: 21/38 MP: 4/4
   714 | D:4      | Slain by a river rat

Illustrated notes

Levels and vault maps discovered:
D:1:      dpeg_arrival_prison, layout_rooms,
          shapermc_ecumenical_altar_flowoftime, chequers_garden,
          serial_bayou_ford_a, minmay_close_crescents
D:2:      layout_rooms, nrook_mini_backslash
D:4:      layout_basic, nicolae_ru_awakened_eye, minmay_temple_entry_wispy,
          enter_ossuary_2, cheibrodos_sewer_entry_sluice, minmay_misc_feat_rows,
          minmay_misc_feat_secret_circle, minmay_crossroads

Skill      XL: |  1  2  3 |
---------------+----------+-----
Fighting       | 4 |  4.4
Armour         | 4 |  4.5
Long Blades    | 3 |  3.5
Shields        | 4 |  4.1

Action                   |  1- 3 |  4- 6 || total
-------------------------+-------+-------++-------
Melee: Long sword        |    96 |     4 ||   100
Armor: Scale mail        |    62 |     2 ||    64
Dodge: Dodged            |    61 |     1 ||    62
Block: Buckler           |    35 |     1 ||    36

Table legend: (Time is in decaauts)
 A = Elapsed time spent in this place.
 B = Non-inter-level travel time spent in this place.
 C = Inter-level travel time spent in this place.
 D = Time resting spent in this place.
 E = Time spent auto-exploring this place.
 F = Levels seen in this place.
 G = Mean time per level.
                   A        B        C        D        E       F      G
               +--------+--------+--------+--------+--------+-----+--------+
         Total |    840 |    730 |    110 |      0 |    477 |   3 |  280.0 |
       Dungeon |    840 |    730 |    110 |      0 |    477 |   3 |  280.0 |
               +--------+--------+--------+--------+--------+-----+--------+

Top non-repeatable levels by time:
     D:1: 803 daAuts
     D:4: 24 daAuts
     D:2: 12 daAuts
